 Dungeon Crawl Stone Soup version 0.20.0-8-g6b59dc7 (webtiles) character file.

3773 Rrauwl the Slinger (level 10, -2/63 HPs)
             Began as a Halfling Wanderer on May 30, 2017.
             Slain by an orc warrior
             ... wielding a +0 halberd
              (16 damage)
             ... on level 8 of the Dungeon.
             The game lasted 00:33:21 (10428 turns).

Rrauwl the Slinger (Halfling Wanderer)             Turns: 10428, Time: 00:33:21

Health: -2/63      AC:  5    Str: 13 (14) XL:     10   Next: 38%
Magic:  0/10       EV: 14    Int: 10 (12) God:
Gold:   424        SH:  0    Dex: 13 (15) Spells: 7/9 levels left

rFire    + . .     SeeInvis .   a - +0 war axe
rCold    . . .     Gourm    .   (shield restricted)
rNeg     . . .     Faith    .   y - +2 leather armour
rPois    .         Spirit   +   (no helmet)
rElec    .         Reflect  .   h - scarf {Spirit}
rCorr    .         Harm     .   (no gloves)
MR       .....                  (no boots)
Stlth    +.........             (no amulet)
Regen    0.2/turn               f - ring of protection from fire
MPRegen  0.2/turn               (no ring)

@: no status effects
A: hooves 1, mutation resistance 1
a: no special abilities


You were on level 8 of the Dungeon.
You were not hungry.

You visited 2 branches of the dungeon, and saw 10 of its levels.
You also visited: Sewer.

You collected 424 gold pieces.

Inventory:

Hand Weapons
 a - a +0 war axe (weapon)
 b - a +2 hunting sling of freezing
Missiles
 e - 173 stones (quivered)
 z - 34 sling bullets
Armour
 h - a scarf of spirit shield (worn)
 y - a +2 leather armour (worn)
Jewellery
 f - a ring of protection from fire (left hand)
 B - an uncursed amulet of faith
Wands
 l - a wand of polymorph (9/24)
 r - a wand of iceblast (9/15)
 u - a wand of scattershot (2/9)
 x - a wand of digging (4/24)
 A - a wand of flame (17/48)
Scrolls
 c - 2 scrolls of fog
 g - 2 scrolls of amnesia
 j - 3 scrolls of teleportation
 m - 5 scrolls of identify
 o - a scroll of blinking
Potions
 q - a potion of flight
Books
 k - a book of Geomancy

   Spells                             Type                      Level
   a - Sandblast                      Earth                        1
   b - Passwall                       Transmutation/Earth          2
   c - Stone Arrow                    Conjuration/Earth            3
   d - Petrify                        Transmutation/Earth          4
   e - Lee's Rapid Deconstruction     Earth                        5
Comestibles
 d - 3 bread rations
 p - 9 meat rations
 t - 3 royal jellies


   Skills:
 - Level 4.0 Fighting
   Level 1.2 Short Blades
 + Level 8.6 Axes
 - Level 14.0 Slings
 - Level 2.1 Dodging
 - Level 1.1 Stealth
   Level 1.5 Hexes
   Level 3.2 Charms
 - Level 1.0 Evocations


You had 7 spell levels left.
You knew the following spells:

 Your Spells              Type           Power        Failure   Level  Hunger
a - Passwall              Tmut/Erth      #.........   58%         2    ###....


Dungeon Overview and Level Annotations

Branches:
Dungeon (9/15)             Temple (1/1) D:6
   Lair: D:8-11         Orc: D:9-12

Altars:
Ashenzari
Cheibriados
Dithmenos
Elyvilon
Fedhas
Gozag
Hepliaklqana
Kikubaaqudgha
Makhleb
Nemelex Xobeh
Okawaru
Qazlal
Ru
Sif Muna
Trog
Uskayaw
Vehumet
Xom
Yredelemnul
Zin
The Shining One

Shops:
D:4 [


Innate Abilities, Weirdness & Mutations

You are small and have problems with some larger weapons.
You are somewhat resistant to further mutation.
You have large cloven feet.


Message History

You feel better.
You hit the orc warrior but do no damage.
You kick the orc warrior, but do no damage.
The orc warrior is severely wounded.
The orc warrior misses you.
You closely miss the orc warrior.
The orc warrior is severely wounded.
The orc warrior hits you with a halberd!
* * * LOW HITPOINT WARNING * * *
You feel better.
The orc warrior hits you with a halberd!
* * * LOW HITPOINT WARNING * * *
You barely miss the orc warrior.
The orc warrior is severely wounded.
The orc warrior closely misses you.
You closely miss the orc warrior.
You kick the orc warrior, but do no damage.
The orc warrior is severely wounded.
The orc warrior hits you with a halberd!!
You die...

#####.# #..#....# #
#.# ##.#.##.# #
#.########.#.##.# #
#.#..........##.#
#............##.#
###..........##.#
#..........##.#
#######.##.###.#)##.#
####### .)[.).#.##.#
#.#@##.# #.....#
#####.#.##.# #.#o##.#
#...?.# #.#.##.#
#.#.##.#####.....###
#.#.##.#
#.#.##..............
#.#.##.#
###'########.....###
#.#.##.#
#.....#.............
#.#.##[#
#.#.#.#..#######...#
#.#.##.# #.._..#..#
#....
#.#.##.###.#.#.#..#
#...#


You could see an orc warrior.

Vanquished Creatures
  A two-headed ogre (D:8)
  Psyche (D:8)
  The ghost of loom the Magician, an amateur DECj (D:3)
  An orc warrior (D:7)
  An ice beast (D:8)
  A phantom (D:6)
  6 ogres
  A necrophage (D:6)
  3 centaurs
  2 big kobolds
  A bullfrog (D:7)
  A gnoll sergeant (D:8)
  5 killer bees (D:7)
  4 wights (D:8)
  A crimson imp (D:8)
  7 hounds
  2 quasits
  2 orc priests
  A gnoll shaman (D:4)
  5 orc wizards
  2 iguanas
  2 worker ants
  A hound skeleton (D:4)
  7 gnolls
  3 river rats
  6 adders
  2 shadow imps
  7 worms
  5 leopard geckos
  24 orcs
  7 bats
  11 giant cockroaches
  12 goblins
  3 hobgoblins
  8 jackals
  22 kobolds
  4 quokkas
  9 frilled lizards
  A jackal zombie (D:7)
  A leopard gecko skeleton (D:4)
  10 rats
194 creatures vanquished.

Notes
Turn   | Place    | Note
-------+----------+-------------------------------------------
     0 | D:1      | Rrauwl the Halfling Wanderer began the quest for the Orb.
     0 | D:1      | Rrauwl set off with: a +2 leather armour, a potion of lignification, a +0 dagger, a bread ration
     0 | D:1      | Reached XP level 1. HP: 11/11 MP: 1/1
   110 | D:1      | Reached skill level 1 in Fighting
   114 | D:1      | Reached XP level 2. HP: 9/18 MP: 2/2
   950 | D:1      | Reached XP level 3. HP: 24/24 MP: 3/3
  1280 | D:2      | Reached skill level 1 in Slings
  1292 | D:2      | Reached XP level 4. HP: 15/30 MP: 4/4
  1671 | D:2      | Reached skill level 2 in Slings
  1943 | D:2      | Reached skill level 3 in Slings
  2627 | D:3      | Reached XP level 5. HP: 31/36 MP: 5/5
  2835 | D:3      | Noticed loom's ghost (amateur DECj)
  2881 | D:3      | Killed loom's ghost
  2881 | D:3      | Reached skill level 4 in Slings
  2881 | D:3      | Reached XP level 6. HP: 37/43 MP: 6/6
  3318 | D:3      | Gained mutation: You have large cloven feet. [potion of mutation]
  3404 | D:4      | Reached skill level 5 in Slings
  3407 | D:4      | Found Nibydd's Antique Armour Boutique.
  3650 | D:4      | Noticed an ogre
  3671 | D:4      | Killed an ogre
  3671 | D:4      | Reached skill level 6 in Slings
  3671 | D:4      | Reached XP level 7. HP: 22/48 MP: 7/7
  4126 | D:4      | Reached skill level 7 in Slings
  4384 | D:4      | Found an iron altar of Okawaru.
  4682 | D:4      | Found a shattered altar of Ashenzari.
  4857 | D:4      | Reached skill level 8 in Slings
  5009 | D:4      | Learned a level 2 spell: Passwall
  5154 | D:5      | Entered Level 5 of the Dungeon
  5210 | D:5      | Found a glowing drain.
  5355 | Sewer    | Entered a sewer
  5469 | Sewer    | Reached skill level 9 in Slings
  5470 | Sewer    | Reached XP level 8. HP: 51/54 MP: 8/8
  5512 | Sewer    | Found a white marble altar of Elyvilon.
  5903 | D:5      | Reached skill level 10 in Slings
  6087 | D:5      | Reached skill level 11 in Slings
  6305 | D:5      | You fall through a shaft!
  6348 | D:5      | Found a bloodstained altar of Trog.
  6507 | D:6      | Found a staircase to the Ecumenical Temple.
  6516 | Temple   | Entered the Ecumenical Temple
  7074 | D:6      | Reached skill level 12 in Slings
  7095 | D:6      | HP: 2/54 [ogre/giant club (23)]
  7100 | D:6      | Reached XP level 9. HP: 8/58 MP: 0/9
  7442 | D:6      | Reached skill level 13 in Slings
  7846 | D:6      | Found a shimmering altar of Xom.
  7849 | D:6      | Found a basalt altar of Yredelemnul.
  7852 | D:6      | Found a radiant altar of Vehumet.
  8006 | D:7      | Reached skill level 1 in Axes
  8610 | D:7      | Found a glowing silver altar of Zin.
  8610 | D:7      | Found a glowing golden altar of the Shining One.
  8610 | D:7      | Found a white marble altar of Elyvilon.
  8914 | D:7      | Found a stormy altar of Qazlal.
  9202 | D:8      | Reached skill level 14 in Slings
  9391 | D:8      | Found an opulent altar of Gozag.
  9391 | D:8      | Noticed a two-headed ogre
  9423 | D:8      | Killed a two-headed ogre
  9423 | D:8      | Reached XP level 10. HP: 19/63 MP: 10/10
  9973 | D:8      | Noticed Psyche
  9982 | D:8      | Killed Psyche
 10061 | D:8      | Found a sparkling altar of Nemelex Xobeh.
 10428 | D:8      | Slain by an orc warrior

Skill      XL: |  1  2  3  4  5  6  7  8  9 10 |
---------------+-------------------------------+-----
Fighting       | 1 2 3 4 |  4.0
Slings         | 1 3 4 6 9 12 14 | 14.0
Axes           | 6 8 |  8.6
Short Blades   | |  1.2
Dodging        | |  2.1
Stealth        | |  1.1
Hexes          | |  1.5
Charms         | |  3.2
Evocations     | |  1.0

Action                   |  1- 3 |  4- 6 |  7- 9 | 10-12 || total
-------------------------+-------+-------+-------+-------++-------
Melee: Dagger            |   153 |     7 |    27 |       ||   187
       Kick              |       |       |    11 |     7 ||    18
       Hunting sling     |       |       |     1 |       ||     1
       War axe           |       |       |    26 |    12 ||    38
 Fire: Hunting sling     |    31 |   252 |   510 |   115 ||   908
Evoke: Wand              |       |       |     5 |     4 ||     9
  Use: Potion            |       |     8 |     8 |     5 ||    21
       Scroll            |       |     9 |    11 |     1 ||    21
 Stab: Sleeping          |     1 |       |       |       ||     1
  Eat: Chunk             |     1 |     6 |     9 |     2 ||    18
       Royal jelly       |       |     1 |     1 |       ||     2
       Fruit             |       |       |     2 |       ||     2
       Bread ration      |       |       |     1 |       ||     1
Armor: Leather armour    |    66 |    18 |    49 |     2 ||   135
       Skin              |       |    24 |     4 |       ||    28
Dodge: Dodged            |   161 |    58 |   140 |    16 ||   375
